TOP OF THE 1ST |
Santa Monica Bruins batting - Pitching for Gresham Gold Souls : RHP Mario Navarro
|
Pitching: RHP Mario Navarro
|
|
Batting: RHB Gustavo Torres
|
0-0: Called Strike 0-1: Hit by Pitch
|
Batting: LHB Arthur MacDonald
|
0-0: Foul Ball, location: 2F 0-1: Ball 1-1: Swinging Strike 1-2: Foul Ball, location: 2F 1-2: Strikes out swinging
|
Batting: RHB Luis Martínez
|
0-0: Called Strike 0-1: Swinging Strike 0-2: Strikes out swinging
|
Batting: RHB Tadakuni Sugiyama
|
0-0: Called Strike Gustavo Torres steals 2nd base 0-1: Foul Ball, location: 2F 0-2: Ball Passed Ball! Gustavo Torres to third 1-2: Strikes out swinging
|
Top of the 1st over - 0 runs, 0 hits, 0 errors, 1 left on base; Santa Monica 0 - Gresham 0 |
BOTTOM OF THE 1ST |
Gresham Gold Souls batting - Pitching for Santa Monica Bruins : LHP Rafael Alemán
|
Pitching: LHP Rafael Alemán
|
|
Batting: RHB Jim Villiers
|
0-0: Ball 1-0: Ball 2-0: Called Strike 2-1: Ground out 3-1 (Groundball, 34)
|
Batting: RHB Mario Méndez
|
0-0: SINGLE (Flyball, 8LS)
|
Batting: RHB Jared Thompson
|
0-0: Ball 1-0: Foul Ball, location: 2F 1-1: Ball 2-1: SINGLE (Line Drive, 7LS) Mario Méndez to second
|
Batting: SHB Todd Smith
|
0-0: Ball 1-0: Ball 2-0: Foul Ball, location: 2F 2-1: Fly out, F4 (Flyball, 34D)
|
Batting: SHB Felipe Castro
|
0-0: Ball 1-0: SINGLE (Line Drive, 6MD) Mario Méndez to third Jared Thompson to second Runner from 3rd tries for Home, SAFE, no throw
|
Batting: RHB Willie Houk
|
0-0: Called Strike 0-1: Ball 1-1: Fly out, F8 (Flyball, 78D)
|
Bottom of the 1st over - 1 run, 3 hits, 0 errors, 2 left on base; Santa Monica 0 - Gresham 1 |
TOP OF THE 2ND |
Santa Monica Bruins batting - Pitching for Gresham Gold Souls : RHP Mario Navarro
|
Batting: LHB César Valentín
|
0-0: Ball 1-0: Called Strike 1-1: Ball 2-1: Ball 3-1: Foul Ball, location: 2F 3-2: Foul Ball, location: 2F 3-2: Base on Balls
|
Batting: RHB Salvador Salas
|
0-0: Called Strike 0-1: Foul Ball, location: 2F 0-2: Ball 1-2: Ball 2-2: Grounds into double play, 1-6-3 (Groundball, P)
|
Batting: RHB Ernest Russell
|
0-0: Foul Ball, location: 2F 0-1: Called Strike 0-2: Ball 1-2: Ball 2-2: Strikes out swinging
|
Top of the 2nd over - 0 runs, 0 hits, 0 errors, 0 left on base; Santa Monica 0 - Gresham 1 |
BOTTOM OF THE 2ND |
Gresham Gold Souls batting - Pitching for Santa Monica Bruins : LHP Rafael Alemán
|
Batting: LHB Bill Smith
|
0-0: Fly out, F9 (Line Drive, 9LD)
|
Batting: RHB Augusto Baiano
|
0-0: Called Strike 0-1: Foul Ball, location: 2F 0-2: Ball 1-2: Ball 2-2: Ball 3-2: Base on Balls
|
Batting: LHB Jeff Douglas
|
0-0: Ball 1-0: Ball 2-0: Ball 3-0: Base on Balls Augusto Baiano to second
|
Batting: RHB Jim Villiers
|
0-0: Called Strike 0-1: 3-RUN HOME RUN (Flyball, 7D), Distance : 393 ft
|
Batting: RHB Mario Méndez
|
0-0: Foul Ball, location: 2F 0-1: SINGLE (Groundball, 56D)
|
Batting: RHB Jared Thompson
|
0-0: Ball 1-0: Swinging Strike 1-1: Called Strike 1-2: Strikes out looking
|
Batting: SHB Todd Smith
|
0-0: Ball 1-0: Ball 2-0: Called Strike 2-1: Ball 3-1: Base on Balls Mario Méndez to second
|
Batting: SHB Felipe Castro
|
0-0: Called Strike 0-1: Swinging Strike 0-2: Ground out 6-3 (Groundball, 6M)
|
Bottom of the 2nd over - 3 runs, 2 hits, 0 errors, 2 left on base; Santa Monica 0 - Gresham 4 |
TOP OF THE 3RD |
Santa Monica Bruins batting - Pitching for Gresham Gold Souls : RHP Mario Navarro
|
Batting: LHB Gonzalo Benítez
|
0-0: Fly out, F4 (Popup, 4D)
|
Batting: RHB Matt O'Rourke
|
0-0: Foul Ball, location: 2F 0-1: Ball 1-1: Foul Ball, location: 2F 1-2: Strikes out swinging
|
Batting: RHB Gustavo Torres
|
0-0: Ball 1-0: Foul Ball, location: 2F 1-1: Ball 2-1: Ball 3-1: Foul Ball, location: 2F 3-2: Base on Balls
|
Batting: LHB Arthur MacDonald
|
0-0: Called Strike 0-1: Ball 1-1: Foul Ball, location: 2F 1-2: Fly out, F5 (Popup, 56S)
|
Top of the 3rd over - 0 runs, 0 hits, 0 errors, 1 left on base; Santa Monica 0 - Gresham 4 |
BOTTOM OF THE 3RD |
Gresham Gold Souls batting - Pitching for Santa Monica Bruins : LHP Rafael Alemán
|
Batting: RHB Willie Houk
|
0-0: Called Strike 0-1: Ball 1-1: Swinging Strike 1-2: Ball 2-2: Ball 3-2: Ground out 6-3 (Groundball, 6)
|
Batting: LHB Bill Smith
|
0-0: Ground out 4-3 (Groundball, 4)
|
Batting: RHB Augusto Baiano
|
0-0: Called Strike 0-1: Foul Ball, location: 2F 0-2: Strikes out swinging
|
Bottom of the 3rd over - 0 runs, 0 hits, 0 errors, 0 left on base; Santa Monica 0 - Gresham 4 |
TOP OF THE 4TH |
Santa Monica Bruins batting - Pitching for Gresham Gold Souls : RHP Mario Navarro
|
Batting: RHB Luis Martínez
|
0-0: Ball 1-0: Ball 2-0: Ball 3-0: Base on Balls
|
Batting: RHB Tadakuni Sugiyama
|
0-0: Called Strike 0-1: Fly out, F4 (Line Drive, 4)
|
Batting: LHB César Valentín
|
0-0: Ball 1-0: Ball 2-0: Ball 3-0: Base on Balls Luis Martínez to second
|
Batting: RHB Salvador Salas
|
0-0: SINGLE (Groundball, 15S) (infield hit) Luis Martínez to third César Valentín to second
|
Batting: RHB Ernest Russell
|
0-0: Ball 1-0: Ball 2-0: Ball 3-0: Fly out, F7 (Flyball, 78XD) Runner from 3rd tags up, SCORES, no throw
|
Batting: LHB Gonzalo Benítez
|
0-0: Ball 1-0: Ball 2-0: Foul Ball, location: 2F 2-1: Foul Ball, location: 2F 2-2: SINGLE (Groundball, 4D) César Valentín to third Salvador Salas to second Runner from 3rd tries for Home, SAFE, throw made home
|
Batting: RHB Matt O'Rourke
|
0-0: Ball 1-0: Swinging Strike 1-1: Ground out 4-3 (Groundball, 4)
|
Top of the 4th over - 2 runs, 2 hits, 0 errors, 2 left on base; Santa Monica 2 - Gresham 4 |
BOTTOM OF THE 4TH |
Gresham Gold Souls batting - Pitching for Santa Monica Bruins : LHP Rafael Alemán
|
Batting: LHB Jeff Douglas
|
0-0: SINGLE (Groundball, 4MD)
|
Batting: RHB Jim Villiers
|
0-0: Foul Ball, location: 2F 0-1: Ball 1-1: Called Strike 1-2: Foul Ball, location: 2F 1-2: Ball 2-2: Ball 3-2: Grounds into double play, 5-4-3 (Groundball, 56)
|
Batting: RHB Mario Méndez
|
0-0: Ball 1-0: Called Strike 1-1: Called Strike 1-2: Ball 2-2: Foul Ball, location: 2F 2-2: DOUBLE (Line Drive, 7LM)
|
Batting: RHB Jared Thompson
|
0-0: Called Strike 0-1: Ball 1-1: Ball 2-1: Ball 3-1: SINGLE (Line Drive, 9S) Mario Méndez to third Runner from 3rd tries for Home, SAFE, no throw
|
Pitching: RHP Luis De Los Ángeles
|
|
Batting: SHB Todd Smith
|
0-0: Called Strike 0-1: Foul Ball, location: 2F 0-2: Ball 1-2: Strikes out swinging
|
Bottom of the 4th over - 1 run, 3 hits, 0 errors, 1 left on base; Santa Monica 2 - Gresham 5 |
TOP OF THE 5TH |
Santa Monica Bruins batting - Pitching for Gresham Gold Souls : RHP Mario Navarro
|
Batting: RHB Gustavo Torres
|
0-0: Called Strike 0-1: Ball 1-1: Foul Ball, location: 2F 1-2: Ball 2-2: Ball 3-2: SINGLE (Groundball, 34D)
|
Batting: LHB Arthur MacDonald
|
0-0: Ball 1-0: Fly out, F5 (Popup, 5SF)
|
Batting: RHB Luis Martínez
|
0-0: Ball 1-0: Foul Ball, location: 2F 1-1: Ball 2-1: Foul Ball, location: 2F 2-2: Strikes out swinging
|
Batting: RHB Tadakuni Sugiyama
|
0-0: Called Strike Gustavo Torres steals 2nd base 0-1: Ball 1-1: Fly out, F9 (Flyball, 9LM)
|
Top of the 5th over - 0 runs, 1 hit, 0 errors, 1 left on base; Santa Monica 2 - Gresham 5 |
BOTTOM OF THE 5TH |
Gresham Gold Souls batting - Pitching for Santa Monica Bruins : RHP Luis De Los Ángeles
|
Batting: SHB Felipe Castro
|
0-0: Ball 1-0: Ground out 6-3 (Groundball, 6M)
|
Batting: RHB Willie Houk
|
0-0: Called Strike 0-1: Called Strike 0-2: Foul Ball, location: 2F 0-2: Ball 1-2: Ball 2-2: Strikes out swinging
|
Batting: LHB Bill Smith
|
0-0: Ball 1-0: Foul Ball, location: 2F 1-1: Ball 2-1: DOUBLE (Groundball, 3L)
|
Batting: RHB Augusto Baiano
|
0-0: Ball 1-0: Ground out 4-3 (Groundball, 4M)
|
Bottom of the 5th over - 0 runs, 1 hit, 0 errors, 1 left on base; Santa Monica 2 - Gresham 5 |
TOP OF THE 6TH |
Santa Monica Bruins batting - Pitching for Gresham Gold Souls : RHP Mario Navarro
|
Batting: LHB César Valentín
|
0-0: Foul Ball, location: 2F 0-1: Ball 1-1: Ball 2-1: SINGLE (Flyball, 7LS)
|
Batting: RHB Salvador Salas
|
0-0: Ball Wild Pitch! César Valentín to second 1-0: Called Strike 1-1: Swinging Strike 1-2: Foul Ball, location: 2F 1-2: Fly out, F7 (Flyball, 7)
|
Batting: RHB Ernest Russell
|
0-0: Ball 1-0: Foul Ball, location: 2F 1-1: Ball 2-1: Ball 3-1: Foul Ball, location: 2F 3-2: Base on Balls
|
Batting: LHB Gonzalo Benítez
|
0-0: Ball 1-0: Foul Ball, location: 2F 1-1: Ball 2-1: Called Strike 2-2: Foul Ball, location: 2F 2-2: Foul Ball, location: 2F 2-2: Ball 3-2: Foul Ball, location: 2F 3-2: Foul Ball, location: 2F 3-2: Foul Ball, location: 2F 3-2: Foul Ball, location: 2F 3-2: Foul Ball, location: 2F 3-2: Base on Balls César Valentín to third Ernest Russell to second
|
Pitching: RHP Paul Miller
|
|
Batting: RHB Matt O'Rourke
|
0-0: Swinging Strike 0-1: Grounds into fielders choice 6-2 (Groundball, 6) Ernest Russell to third Gonzalo Benítez to second
|
Batting: RHB Gustavo Torres
|
0-0: Swinging Strike 0-1: Ground out 1-3 (Groundball, P)
|
Top of the 6th over - 0 runs, 1 hit, 0 errors, 3 left on base; Santa Monica 2 - Gresham 5 |
BOTTOM OF THE 6TH |
Gresham Gold Souls batting - Pitching for Santa Monica Bruins : RHP Luis De Los Ángeles
|
Batting: LHB Jeff Douglas
|
0-0: Swinging Strike 0-1: Fly out, F8 (Flyball, 8LM)
|
Batting: RHB Jim Villiers
|
0-0: Hit by Pitch
|
Batting: RHB Mario Méndez
|
0-0: Ball 1-0: Ball 2-0: Called Strike 2-1: Foul Ball, location: 2F 2-2: Ball 3-2: Fly out, F7 (Line Drive, 7)
|
Batting: RHB Jared Thompson
|
0-0: DOUBLE (Line Drive, 7LD) Jim Villiers to third
|
Batting: SHB Todd Smith
|
0-0: Foul Ball, location: 2F 0-1: Ball 1-1: Foul Ball, location: 2F 1-2: Ball 2-2: Foul Ball, location: 2F 2-2: Foul Ball, location: 2F 2-2: Ball 3-2: Ground out 4-3 (Groundball, 34D)
|
Bottom of the 6th over - 0 runs, 1 hit, 0 errors, 2 left on base; Santa Monica 2 - Gresham 5 |
TOP OF THE 7TH |
Santa Monica Bruins batting - Pitching for Gresham Gold Souls : RHP Paul Miller
|
Now at 2B: Adam Thomas
|
|
Now in CF: Gustavo Pagán
|
|
Batting: LHB Arthur MacDonald
|
0-0: Ball 1-0: Foul Ball, location: 2F 1-1: SINGLE (Flyball, 9LS)
|
Batting: RHB Luis Martínez
|
0-0: Called Strike 0-1: Foul Ball, location: 2F 0-2: Ball 1-2: Strikes out swinging
|
Batting: RHB Tadakuni Sugiyama
|
0-0: Called Strike Arthur MacDonald steals 2nd base 0-1: Called Strike 0-2: Strikes out swinging
|
Batting: LHB César Valentín
|
0-0: Ball 1-0: Called Strike 1-1: Foul Ball, location: 2F 1-2: Ball 2-2: Ball 3-2: Base on Balls
|
Batting: RHB Salvador Salas
|
0-0: Ball 1-0: SINGLE (Line Drive, 9S) Arthur MacDonald to third César Valentín to second Runner from 3rd tries for Home, SAFE, no throw
|
Pinch Hitting: LHB George Wood
|
0-0: Fly out, F5 (Popup, 5SF)
|
Top of the 7th over - 1 run, 2 hits, 0 errors, 2 left on base; Santa Monica 3 - Gresham 5 |
BOTTOM OF THE 7TH |
Gresham Gold Souls batting - Pitching for Santa Monica Bruins : RHP Luis De Los Ángeles
|
Now at 2B: Adrián Nieto
|
|
Batting: SHB Felipe Castro
|
0-0: Ball 1-0: Foul Ball, location: 2F 1-1: Foul Ball, location: 2F 1-2: Foul Ball, location: 2F 1-2: SINGLE (Groundball, 4D)
|
Batting: RHB Willie Houk
|
0-0: Bunted foul 0-1: Bunted foul 0-2: Foul Ball, location: 2F 0-2: Foul Ball, location: 2F 0-2: Fly out, F6 (Popup, 6D)
|
Batting: LHB Bill Smith
|
0-0: Ball 1-0: Ball 2-0: Grounds into double play, 6-4-3 (Groundball, 6MD)
|
Bottom of the 7th over - 0 runs, 1 hit, 0 errors, 0 left on base; Santa Monica 3 - Gresham 5 |
TOP OF THE 8TH |
Santa Monica Bruins batting - Pitching for Gresham Gold Souls : RHP Paul Miller
|
Batting: LHB Gonzalo Benítez
|
0-0: Ball 1-0: Reached on error, E4 (Groundball, 4)
|
Batting: RHB Matt O'Rourke
|
0-0: Foul Ball, location: 2F 0-1: Ball 1-1: Fly out, F7 (Line Drive, 7)
|
Batting: RHB Gustavo Torres
|
0-0: Grounds into double play, 6-4-3 (Groundball, 6)
|
Top of the 8th over - 0 runs, 0 hits, 1 error, 0 left on base; Santa Monica 3 - Gresham 5 |
BOTTOM OF THE 8TH |
Gresham Gold Souls batting - Pitching for Santa Monica Bruins : RHP Luis De Los Ángeles
|
Batting: RHB Augusto Baiano
|
0-0: Called Strike 0-1: Swinging Strike 0-2: Ball 1-2: Foul Ball, location: 2F 1-2: Ball 2-2: SINGLE (Groundball, 56D)
|
Batting: LHB Jeff Douglas
|
0-0: Called Strike 0-1: Foul Ball, location: 2F 0-2: Ball 1-2: Ball 2-2: Foul Ball, location: 2F 2-2: Fly out, F6 (Popup, 4MD)
|
Batting: RHB Gustavo Pagán
|
0-0: Called Strike 0-1: Ball 1-1: Ball 2-1: Ball 3-1: Called Strike 3-2: Strikes out swinging
|
Batting: RHB Mario Méndez
|
0-0: Called Strike Augusto Baiano steals 2nd base 0-1: Foul Ball, location: 2F 0-2: Ball 1-2: Ball 2-2: Ball 3-2: Base on Balls
|
Pinch Hitting: RHB Alberto Chávez
|
0-0: Called Strike 0-1: Fielders Choice at 2nd, 6-4 (Groundball, 6)
|
Bottom of the 8th over - 0 runs, 1 hit, 0 errors, 2 left on base; Santa Monica 3 - Gresham 5 |
TOP OF THE 9TH |
Santa Monica Bruins batting - Pitching for Gresham Gold Souls : RHP Paul Miller
|
Now at 2B: Alberto Chávez
|
|
Batting: LHB Arthur MacDonald
|
0-0: Foul Ball, location: 2F 0-1: Swinging Strike 0-2: Ball 1-2: Foul Ball, location: 2F 1-2: Ball 2-2: Ball 3-2: Strikes out looking
|
Batting: RHB Luis Martínez
|
0-0: Ball 1-0: Ball 2-0: Ball 3-0: Base on Balls
|
Pinch Hitting: LHB Noriaki Sangi
|
0-0: Ball 1-0: Swinging Strike 1-1: Ball 2-1: Ball 3-1: Called Strike 3-2: Base on Balls Luis Martínez to second
|
Batting: LHB César Valentín
|
0-0: Ball 1-0: Ball 2-0: Foul Ball, location: 2F 2-1: Foul Ball, location: 2F 2-2: Foul Ball, location: 2F 2-2: Ball 3-2: Fly out, F7 (Flyball, 7)
|
Batting: RHB Salvador Salas
|
0-0: Ball 1-0: Fly out, F7 (Flyball, 78S)
|
Top of the 9th over - 0 runs, 0 hits, 0 errors, 2 left on base; Santa Monica 3 - Gresham 5 |
|